 Dungeon Crawl Stone Soup version 0.29-a0-791-ga0f254aafb (webtiles) character file.

Game seed: 11246581816685156685

63 Lekart the Trooper (level 3, -2/33 HPs)
             Began as a Draconian Fighter on July 3, 2022.
             Slain by a gnoll
             ... wielding a +0 spear
              (3 damage)
             ... on level 2 of the Dungeon.
             The game lasted 00:01:21 (1223 turns).

Lekart the Trooper (Draconian Fighter)              Turns: 1223, Time: 00:01:22

Health: -2/33      AC:  5    Str: 20    XL:     3   Next: 87%
Magic:  3/3        EV: 12    Int:  8    God:
Gold:   33         SH:  4    Dex: 10    Spells: 2/2 levels left

rFire   . . .      SeeInvis .   a - +0 war axe
rCold   . . .      Faith    .   b - +0 buckler
rNeg    . . .      Spirit   .   (body armour unavailable)
rPois   .          Reflect  .   (helmet restricted)
rElec   .          Harm     .   (no cloak)
rCorr   .          Rampage  .   (no gloves)
Will    .....                   (no boots)
Stlth   +.........              (no amulet)
HPRegen 0.11/turn               (no ring)
MPRegen 0.08/turn               (no ring)

@: no status effects
A: AC +5, unfitting armour, cold-blooded
a: no special abilities


You were on level 2 of the Dungeon.
You visited 1 branch of the dungeon, and saw 2 of its levels.

You collected 33 gold pieces.

Inventory:

Hand Weapons
 a - a +0 war axe (weapon)
Armour
 b - a +0 buckler (worn)
Jewellery
 d - an amulet of guardian spirit
Scrolls
 f - a scroll of silence {unknown}
Potions
 c - a potion of might
 g - a potion of lignification {unknown}


   Skills:
 + Level 3.9 Fighting
 + Level 2.9 Axes
 + Level 3.1 Dodging
 + Level 0.6 Stealth
 + Level 3.2 Shields


You had 2 spell levels left.
You didn't know any spells.
Your spell library was empty.

Dungeon Overview and Level Annotations

Branches:
Dungeon (2/15)

Altars:


Innate Abilities, Weirdness & Mutations

Your plain brown scales are hard. (AC +5)
You cannot fit into any form of body armour.
You are cold-blooded and may be slowed by cold attacks.


Message History

You block the kobold's attack.
You barely miss the kobold. The kobold hits you but does no damage.
Sorry, you're not good enough to have a special ability.
You don't know any spells.
It was a potion of curing.
You feel better. The kobold barely misses you.
You hit the kobold.
The kobold is severely wounded.
The kobold hits you but does no damage.
You barely miss the kobold.
The kobold is severely wounded.
The kobold hits you but does no damage. x2
You barely miss the kobold.
The kobold is severely wounded.
The kobold hits you but does no damage.
You slash the kobold!
You kill the kobold!
The bat hits you but does no damage. The gnoll hits you but does no damage.
You closely miss the gnoll.
Your tail-slap misses the gnoll.
You block the gnoll's attack. The gnoll hits you but does no damage.
You hit the gnoll.
The gnoll is moderately wounded.
The gnoll hits you from afar with a +0 spear.
The gnoll hits you but does no damage.
You slash the gnoll!
You kill the gnoll!
The gnoll hits you from afar with a +0 spear!
The goblin closely misses you. The gnoll completely misses you.
You miss the goblin. The goblin hits you with a +0 dagger.
The gnoll closely misses you.
You barely miss the goblin. The goblin hits you but does no damage.
The gnoll hits you from afar with a +0 spear!
* * * LOW HITPOINT WARNING * * *
A quokka comes into view.
You slash the goblin!
You kill the goblin!
You block the bat's attack.
The gnoll hits you from afar with a +0 spear.
* * * LOW HITPOINT WARNING * * *
The gnoll hits you from afar with a +0 spear.
You die...

#............
#...#####≈###
#######
#....)...≈..#
.....>.
###.#####≈.≈.
....... #.# #≈≈..
....... #.# #≈...
.....b. #.# #≈..#
......r########.#
#≈###
.......g@.......#
......g##########
....... .......
....... .......
#######


You could see 2 gnolls, a quokka and a bat.

Vanquished Creatures
  2 adders (D:2)
  2 gnolls (D:2)
  2 ball pythons (D:1)
  3 bats (D:1)
  2 endoplasms (D:1)
  A giant cockroach (D:1)
  4 goblins
  2 hobgoblins (D:1)
  3 kobolds
  2 quokkas (D:1)
  3 rats
26 creatures vanquished.

Notes
Turn   | Place    | Note
-------+----------+-------------------------------------------
     0 | D:1      | Lekart the Draconian Fighter began the quest for the Orb.
     0 | D:1      | Reached XP level 1. HP: 19/19 MP: 1/1
   183 | D:1      | Reached XP level 2. HP: 26/26 MP: 2/2
   999 | D:2      | Reached XP level 3. HP: 32/33 MP: 3/3
  1223 | D:2      | HP: 1/33 [gnoll/+0 spear (3)]
  1223 | D:2      | Slain by a gnoll

Illustrated notes

Levels and vault maps discovered:
D:1:      elethiomel_arrival_shortcut, layout_basic, minmay_tetromino_s2
D:2:      layout_basic, hellmonk_ecumenical_altar_heavens_door, serial_rivers,
          chequers_serial_rivers_micro_a, chequers_serial_rivers_micro_e,
          chequers_serial_rivers_micro_e, chequers_serial_rivers_small_3

Skill      XL: |  1  2 |
---------------+-------+-----
Dodging        | 3 |  3.1
Fighting       | |  3.9
Axes           | |  2.9
Stealth        | |  0.6
Shields        | |  3.2

Action                   || total
-------------------------++-------
Melee: War axe           ||    71
       Tailslap          ||     5
  Use: Potion            ||     1
Armor: Skin              ||    44
Dodge: Dodged            ||    39
Block: Buckler           ||    18

Table legend: (Time is in decaauts)
 A = Elapsed time spent in this place.
 B = Non-inter-level travel time spent in this place.
 C = Inter-level travel time spent in this place.
 D = Time resting spent in this place.
 E = Time spent auto-exploring this place.
 F = Levels seen in this place.
 G = Mean time per level.
                   A        B        C        D        E       F      G
               +--------+--------+--------+--------+--------+-----+--------+
         Total |   1253 |   1199 |     54 |      0 |   1015 |   2 |  626.5 |
       Dungeon |   1253 |   1199 |     54 |      0 |   1015 |   2 |  626.5 |
               +--------+--------+--------+--------+--------+-----+--------+

Top non-repeatable levels by time:
     D:1: 1003 daAuts
     D:2: 249 daAuts
